 Dungeon Crawl Stone Soup version 0.24-a0-639-gb70a11d811 (webtiles) character file.

Game seed: 2920908836715615176, levelgen mode: deterministic

1386 Eurus the Stinger (level 8, -3/69 HPs)
             Began as a Naga Venom Mage on Sept 22, 2019.
             Was an Initiate of Cheibriados.
             Slain by a sky beast (5 damage)
             ... on level 5 of the Dungeon.
             The game lasted 00:24:36 (5575 turns).

Eurus the Stinger (Naga Venom Mage)                 Turns: 5575, Time: 00:24:36

Health: -3/69      AC:  6    Str: 12    XL:     8   Next: 67%
Magic:  14/14      EV: 11    Int: 18    God:    Cheibriados [......]
Gold:   184        SH:  0    Dex: 13    Spells: 12/15 levels left

rFire    . . .     SeeInvis +   f - +1 hand axe (elec)
rCold    . . .     Gourm    .   (no shield)
rNeg     . . .     Faith    .   a - +0 robe
rPois    +         Spirit   .   o - +1 helmet
rElec    .         Reflect  .   s - +0 cloak
rCorr    .         Harm     .   (no gloves)
MR       +....                  (no barding)
Stlth    +++.......             (no amulet)
HPRegen  0.21/turn              (no ring)
MPRegen  0.14/turn              (no ring)

@: very slow
A: large, see invisible, deformed body, poison resistance, slowness 2, slow
metabolism 1, spit poison 1, AC +2
a: Spit Poison, Bend Time, Renounce Religion


You were on level 5 of the Dungeon.
You worshipped Cheibriados.
Cheibriados was noncommittal.
You were not hungry.

You visited 2 branches of the dungeon, and saw 6 of its levels.
You also visited: Ossuary.

You collected 184 gold pieces.

Inventory:

Hand Weapons
 d - a +0 hand axe
 f - a +1 hand axe of electrocution (weapon)
Missiles
 h - 67 stones (quivered)
 j - 21 sling bullets
Armour
 a - a +0 robe (worn)
 o - a +1 helmet (worn)
 s - a +0 cloak (worn)
Jewellery
 r - a +3 ring of dexterity {unknown}
Wands
 v - a wand of acid (5)
Scrolls
 b - a scroll of remove curse
 g - 2 scrolls of immolation
 l - 6 scrolls of identify
 q - 3 scrolls of teleportation
 t - 2 scrolls of blinking {unknown}
 u - a scroll of random uselessness {unknown}
 w - a scroll of enchant weapon {unknown}
 x - a scroll of noise {unknown}
 y - a scroll of enchant armour
Potions
 e - 4 potions of curing
 i - 5 potions of degeneration {unknown}
 k - 2 potions of heal wounds {unknown}
 m - 3 potions of brilliance {unknown}
 n - 3 potions of lignification {unknown}
 p - 2 potions of might {unknown}
 z - a potion of flight {unknown}
 B - a potion of agility {unknown}
Comestibles
 c - 12 rations
 A - 2 chunks of flesh


   Skills:
 + Level 3.5 Fighting
 + Level 3.4 Axes
 + Level 3.5 Dodging
 - Level 5.0 Stealth
 + Level 4.0 Spellcasting
 * Level 4.8 Conjurations
 + Level 6.7 Poison Magic
 + Level 0.3 Invocations


You had 12 spell levels left.
You knew the following spells:

 Your Spells              Type           Power        Failure   Level  Hunger
a - Sting                 Conj/Pois      ###.         1%          1    None
b - Poisonous Vapours     Pois/Air       ###...       5%          2    ##.....

Your spell library contained the following spells:

 Spells                   Type           Power        Failure   Level  Hunger
 Mephitic Cloud           Conj/Pois/Air  ###.....     9%          3    ###....
 Olgreb's Toxic Radiance  Pois           ####....     10%         4    ####...
 Venom Bolt               Conj/Pois      ###.......   36%         5    ######.


Dungeon Overview and Level Annotations

Branches:
Dungeon (5/15)             Temple (1/1) D:5         Ossuary (visited)

Altars:
Ashenzari
Cheibriados
Dithmenos
Elyvilon
Fedhas
Gozag
Hepliaklqana
Kikubaaqudgha
Makhleb
Nemelex Xobeh
Okawaru
Qazlal
Ru
Sif Muna
Uskayaw
Vehumet
Wu Jian
Xom
Yredelemnul
Zin
The Shining One

Shops:
D:4 =


Innate Abilities, Weirdness & Mutations

You cannot wear boots.
Your serpentine skin is tough. (AC +2)
You have supernaturally acute eyesight. (SInv)
Armour fits poorly on your strangely shaped body.
Your system is resistant to poisons. (rPois)
You cover ground very slowly.
You have a slow metabolism.
You can spit poison.


Message History

The sky beast hits you but does no damage.
You hit the sky beast.
The sky beast is almost dead.
The sky beast hits you.
* * * LOW HITPOINT WARNING * * *
The sky beast shocks you.
* * * LOW HITPOINT WARNING * * *
You miss the sky beast.
The sky beast is almost dead.
The sky beast barely misses you.
You closely miss the sky beast.
The sky beast is almost dead.
The sky beast hits you.
* * * LOW HITPOINT WARNING * * *
The sky beast shocks you.
* * * LOW HITPOINT WARNING * * *
The sky beast hits you.
* * * LOW HITPOINT WARNING * * *
The sky beast shocks you.
You die...

#........# *,,,...
##..#########,*####
#.##..###..#**
#.#.##.##.####
#..#.##.##.#_#
#.###.##.##.##****
#.##..###..##,,,,,
#.##### ####******
#@# #Y# #h# #.#*
#..* ****##.*****
*,,,,,.,,,,*
*,,,,,..,,,*
*,,,,,,,,,,* **


You could see a sky beast and a jackal.

Vanquished Creatures
  An ice beast (D:5)
  An ogre (D:5)
  A bullfrog (D:5)
  9 scorpions (Ossuary)
  3 centaur zombies (Ossuary)
  An orc priest (D:4)
  Crazy Yiuf (D:3)
  2 hounds
  Natasha (thrice) (D:3)
  5 worker ants
  2 big kobold zombies (Ossuary)
  A hound zombie (D:5)
  3 mummies (Ossuary)
  7 scorpion zombies (Ossuary)
  6 adders
  3 oozes
  3 worms
  2 dart slugs
  A leopard gecko (D:3)
  10 orcs
  3 giant cockroaches
  2 gnoll zombies (Ossuary)
  6 goblins
  5 hobgoblins
  9 jackals
  4 kobolds
  2 quokkas (D:3)
  A ball python (D:2)
  6 bats
  3 frilled lizards
  2 goblin zombies (Ossuary)
  2 hobgoblin zombies (Ossuary)
  A leopard gecko skeleton (D:4)
  4 orc zombies (Ossuary)
  7 rats
122 creatures vanquished.

Vanquished Creatures (others)
  A human (D:4)
1 creature vanquished.

Grand Total: 123 creatures vanquished

Notes
Turn   | Place    | Note
-------+----------+-------------------------------------------
     0 | D:1      | Eurus the Naga Venom Mage began the quest for the Orb.
     0 | D:1      | Reached XP level 1. HP: 15/15 MP: 3/3
    45 | D:1      | You fall into a shaft and drop 1 floor!
   190 | D:2      | Reached XP level 2. HP: 2/22 MP: 0/5
   781 | D:1      | Reached XP level 3. HP: 28/28 MP: 3/6
  1260 | D:1      | Learned a level 2 spell: Poisonous Vapours
  1540 | D:2      | Reached skill level 5 in Poison Magic
  2033 | D:3      | Reached XP level 4. HP: 37/37 MP: 4/7
  2119 | D:3      | Noticed Natasha
  2127 | D:3      | Killed Natasha
  2127 | D:3      | Reached skill level 1 in Axes
  2623 | D:3      | Reached skill level 1 in Fighting
  2707 | D:3      | Reached XP level 5. HP: 44/44 MP: 1/8
  2880 | D:3      | Found a hide-covered altar of Uskayaw.
  2880 | D:3      | Noticed Natasha
  2884 | D:3      | Killed Natasha
  2967 | D:3      | Found a runed translucent door.
  2968 | D:3      | Noticed Crazy Yiuf
  3052 | D:3      | Noticed Natasha
  3060 | D:3      | Killed Natasha
  3065 | D:3      | Found an ornate altar of the Wu Jian Council.
  3068 | D:3      | Found a radiant altar of Vehumet.
  3072 | D:3      | Found an opulent altar of Gozag.
  3085 | D:3      | Found a burning altar of Makhleb.
  3090 | D:3      | Found a shattered altar of Ashenzari.
  3265 | D:3      | Killed Crazy Yiuf
  3364 | D:4      | Reached XP level 6. HP: 51/51 MP: 8/10
  3443 | D:4      | Found an ancient bone altar of Kikubaaqudgha.
  3828 | D:4      | Found Leutyzan's Jewellery Boutique.
  3859 | D:4      | Noticed a human
  3861 | D:4      | Killed a human
  3984 | D:5      | Entered Level 5 of the Dungeon
  4027 | D:5      | Noticed a sky beast
  4088 | D:5      | Found a sand-covered staircase.
  4094 | Ossuary  | Entered an ossuary
  4213 | Ossuary  | Reached XP level 7. HP: 53/60 MP: 11/11
  4299 | Ossuary  | Reached skill level 5 in Stealth
  4792 | Ossuary  | Reached skill level 6 in Poison Magic
  5018 | Ossuary  | Reached XP level 8. HP: 54/68 MP: 13/13
  5324 | D:5      | Found a staircase to the Ecumenical Temple.
  5330 | Temple   | Entered the Ecumenical Temple
  5405 | Temple   | Became a worshipper of Cheibriados the Contemplative
  5526 | D:5      | Found an iron altar of Okawaru.
  5575 | D:5      | HP: 3/69 [sky beast (6)]
  5575 | D:5      | Slain by a sky beast

Levels and vault maps discovered:
D:1:      wander_arrival_fairy_ring, layout_loops_ring, minmay_tetromino_t2
D:2:      layout_basic, eino_tiny_chamber
D:3:      layout_loops_ring, eat_drink_and_be_merry_uskayaw,
          minmay_overflow_temple_star_hex, first_ration,
          uniq_crazy_yiuf_cottage, uniq_natasha
D:4:      layout_basic, serial_shops, nicolae_shop_crystal, tgw_kikubaaqudgha
D:5:      layout_rooms, marbit_many_paths, minmay_temple_entry_butterflies,
          lightli_ossuary_entry_decrepit_ruins, gammafunk_ghost_gnarly_gnolls
Temple:   zaba_magenta_temple

Skill      XL: |  1  2  3  4  5  6  7  8 |
---------------+-------------------------+-----
Dodging        | 2 3 |  3.5
Poison Magic   | 5 6 |  6.7
Axes           | 1 2 3 |  3.4
Fighting       | 1 2 3 |  3.5
Conjurations   | 2 3 4 |  4.8
Stealth        | 4 5 |  5.0
Spellcasting   | 3 4 |  4.0
Invocations    | |  0.3

Action                   |  1- 3 |  4- 6 |  7- 9 || total
-------------------------+-------+-------+-------++-------
Melee: Short sword       |    31 |     2 |       ||    33
       Hand axe          |       |    75 |   144 ||   219
Throw: Stone             |       |     7 |    13 ||    20
 Cast: Sting             |    66 |    73 |    20 ||   159
       Poisonous Vapours |       |     5 |     9 ||    14
 Abil: Spit Poison       |     6 |     5 |     1 ||    12
  Use: Scroll            |     3 |     3 |       ||     6
 Stab: Sleeping          |       |       |     4 ||     4
       Distracted        |       |       |     1 ||     1
  Eat: Chunk             |     4 |     5 |     2 ||    11
       Ration            |       |       |     1 ||     1
Armor: Robe              |     4 |    32 |    39 ||    75
Dodge: Dodged            |    24 |    38 |    64 ||   126

Table legend:
 A = Non-vault XP
 B = Vault XP
 C = Vault XP percentage of total XP
 D = Non-vault monster count
 E = Vault monster count
 F = Vault count percentage of total count
                 A         B        C        D         E       F
            +---------+---------+-------+---------+---------+-------
      Total |     957 |    1024 |  51.7 |      84 |      38 |  31.1
            +---------+---------+-------+---------+---------+-------
        D:1 |      43 |       2 |   4.4 |      22 |       1 |   4.3
        D:2 |      27 |       0 |   0.0 |      12 |       0 |   0.0
        D:3 |     150 |      76 |  33.6 |      22 |       2 |   8.3
        D:4 |     178 |       0 |   0.0 |      16 |       0 |   0.0
        D:5 |     559 |       3 |   0.5 |      12 |       1 |   7.7
    Ossuary |       0 |     943 | 100.0 |       0 |      34 | 100.0
            +---------+---------+-------+---------+---------+-------
